AoeStats
← TUSHIRO1.2

Arabia

510467480Analyzed
3v3 RM · 13h ago on Oct 1, 2026· 64m 42s· 6 players
Game mode
Random Map
Map size
Normal (6 player)
Population
200
Speed
Normal
Resources
Standard
Victory
Conquest
Starting age
Dark Age
Ending age
Imperial Age
RankedLock teamsTeams togetherTeam positionsShared explorationLock speedFull tech treeHidden civsTurbo modeCheats
Victory
Defeat
🇺🇸 Poles · United States
1162
+15
🇪🇨 Khmer · Ecuador
1156
+16
🇺🇸 Goths · United States
1129
+17
🇲🇽 Teutons · Mexico
1222
-19
🇲🇽 Hindustanis · Mexico
1126
-39
🇲🇽 Varangians · Mexico
1099
-14
Nyro
7:03 Loom
9:49 Feudal Age
10:15 Man-at-Arms
10:50 Double-Bit Axe
16:33 Horse Collar
19:36 Bloodlines
21:43 Castle Age
19:50 Gold Mining
20:53 Scale Barding Armor
20:58 Forging
23:16 Iron Casting
23:03 Chain Barding Armor
30:23 Wheelbarrow
32:42 Stone Mining
39:09 Imperial Age
39:12 Cavalier
41:07 Plate Barding Armor
43:31 Paladin
46:51 Hand Cart
46:21 Town Watch
47:13 Conscription
51:05 Bow Saw
50:59 Heavy Plow
53:15 Town Patrol
59:45 Crop Rotation
60:19 Two-Man Saw
olago89
1:17 Loom
9:54 Feudal Age
11:26 Double-Bit Axe
13:13 Horse Collar
14:26 Town Watch
17:29 Forging
20:48 Bloodlines
21:50 Scale Barding Armor
28:12 Castle Age
26:41 Fletching
29:34 Iron Casting
28:23 Light Cavalry
30:43 Husbandry
30:46 Gold Mining
32:15 Chain Barding Armor
37:48 Wheelbarrow
61:57 Bow Saw
62:46 Bodkin Arrow
TUSHIRO1.2
4:27 Loom
10:14 Feudal Age
10:58 Double-Bit Axe
16:05 Town Watch
16:33 Forging
21:20 Castle Age
20:02 Scale Mail Armor
20:07 Padded Archer Armor
19:57 Fletching
22:07 Bloodlines
22:30 Bodkin Arrow
23:26 Gold Mining
25:56 Husbandry
27:40 Leather Archer Armor
31:42 Town Patrol
35:28 Bow Saw
41:19 Imperial Age
42:10 Heavy Camel Rider
42:57 Scale Barding Armor
44:47 Chain Barding Armor
47:47 Imperial Camel Rider
55:34 Iron Casting
59:02 Light Cavalry
63:57 Plate Barding Armor
petey_hs
3:29 Loom
11:16 Feudal Age
17:43 Castle Age
16:10 Double-Bit Axe
16:17 Horse Collar
18:02 Bloodlines
23:11 Husbandry
24:24 Forging
25:46 Scale Barding Armor
27:16 Heavy Plow
27:42 Elite Skirmisher
31:40 Iron Casting
34:46 Chain Barding Armor
35:05 Wheelbarrow
34:16 Town Watch
34:57 Gold Mining
37:28 Fletching
38:13 Ballistics
38:20 Stone Mining
43:47 Imperial Age
42:34 Light Cavalry
43:04 Treadmill Crane
43:19 Murder Holes
44:08 Stone Shaft Mining
43:44 Bow Saw
43:34 Bodkin Arrow
45:16 Crop Rotation
44:11 Cavalier
46:19 Pikeman
47:00 Squires
47:24 Conscription
47:12 Szlachta Privileges
46:38 Winged Hussar
47:28 Scale Mail Armor
47:30 Padded Archer Armor
48:48 Chemistry
50:12 Leather Archer Armor
52:37 Chain Mail Armor
53:06 Siege Engineers
53:12 Masonry
58:32 Blast Furnace
57:33 Bracer
58:06 Plate Mail Armor
62:24 Lechitic Legacy
SirDabsAlot419
10:29 Feudal Age
9:12 Loom
13:01 Man-at-Arms
25:26 Castle Age
24:25 Fletching
25:25 Forging
25:16 Scale Mail Armor
25:05 Double-Bit Axe
27:11 Iron Casting
26:45 Horse Collar
28:46 Stone Mining
30:38 Stone Shaft Mining
39:54 Wheelbarrow
39:32 Gold Mining
41:10 Bow Saw
40:40 Pikeman
42:06 Ballistics
41:42 Murder Holes
45:17 Imperial Age
45:17 Squires
45:22 Halberdier
48:54 Chain Mail Armor
49:39 Blast Furnace
49:08 Hand Cart
48:39 Town Watch
49:32 Anarchy
50:47 Conscription
52:52 Two-Man Saw
52:22 Heavy Plow
52:47 Perfusion
53:48 Crop Rotation
53:23 Town Patrol
53:57 Bodkin Arrow
56:47 Chemistry
58:07 Bracer
58:07 Padded Archer Armor
57:55 Long Swordsman
58:32 Two-Handed Swordsman
59:10 Champion
60:09 Leather Archer Armor
59:19 Elite Skirmisher
61:47 Ring Archer Armor
El_Warnersito
7:47 Loom
10:14 Feudal Age
12:17 Scale Barding Armor
13:03 Horse Collar
16:05 Wheelbarrow
17:19 Forging
18:04 Town Watch
20:31 Double-Bit Axe
21:00 Bloodlines
21:42 Gold Mining
24:42 Castle Age
23:27 Scale Mail Armor
24:47 Fletching
24:57 Padded Archer Armor
25:48 Husbandry
26:15 Chain Barding Armor
26:22 Bow Saw
26:13 Heavy Plow
27:14 Iron Casting
27:53 Gold Shaft Mining
29:03 Stone Mining
29:41 Hand Cart
30:34 Chain Mail Armor
31:54 Bodkin Arrow
36:02 Leather Archer Armor
44:04 Imperial Age
41:38 Pikeman
44:23 Town Patrol
45:09 Conscription
44:13 Halberdier
46:37 Blast Furnace
46:22 Elite Ballista Elephant
50:34 Plate Barding Armor
50:47 Crop Rotation
52:01 Chemistry
50:57 Light Cavalry
53:02 Ballistics
57:14 Bracer
59:55 Double Crossbow
60:39 Masonry
61:33 Hussar
63:17 Ring Archer Armor
64:54 Hoardings
Connection lost

Rejoining the realm…

Still unreachable

The connection could not be restored.

Session expired

The server has moved on; the page needs a fresh start.